 Dungeon Sprint DCSS version 0.21.0-3-g78d12a8 (webtiles) character file.

58 wojtek the Chopper (level 3, -6/36 HPs)
             Began as a Minotaur Berserker on Jan 13, 2018.
             Was a Believer of Trog.
             Splashed by an oklob sapling priest's acid (9 damage)
             ... in the Dungeon (Sprint IV: "Fedhas' Mad Dash").
             The game lasted 00:00:32 (306 turns).

wojtek the Chopper (Minotaur Berserker)              Turns: 306, Time: 00:00:33

Health: -6/36      AC: -5    Str: 22    XL:     3   Next: 76%
Magic:  1/2        EV: 13    Int:  4    God:    Trog [**....]
Gold:   38         SH:  0    Dex:  9    Spells: 2/2 levels left

rFire    . . .     SeeInvis .   a - +0 hand axe
rCold    . . .     Gourm    .   (no shield)
rNeg     . . .     Faith    .   b - +0 animal skin
rPois    .         Spirit   .   (helmet restricted)
rElec    .         Reflect  .   (no cloak)
rCorr    .         Harm     .   (no gloves)
MR       .....     NoTele   +   (no boots)
Stlth    +.........             k - amulet of invisibility {+Inv}
HPRegen  0.12/turn              (no ring)
MPRegen  0.08/turn              (no ring)

@: corroded, very slightly contaminated
A: retaliatory headbutt, horns 2
a: Berserk, Trog's Hand, Burn Spellbooks, Renounce Religion, Evoke Invisibility


You were in the Dungeon.
You worshipped Trog.
Trog was pleased with you.
You were not hungry.

You visited 1 branch You collected 38 gold pieces.

Inventory:

Hand Weapons
 a - a +0 hand axe (weapon)
Armour
 b - a +0 animal skin (worn)
Jewellery
 k - the amulet of invisibility (around neck) {+Inv}
   (You found it in the Dungeon)

   [amulet of nothing]

   It lets you turn invisible.
Scrolls
 i - a scroll of blinking
 j - a scroll of remove curse {unknown}
 l - a scroll of enchant armour {unknown}
Potions
 d - a potion of curing
 e - a potion of heal wounds
 f - a potion of haste
 g - 2 potions of magic
 h - a potion of berserk rage
Comestibles
 c - a ration


   Skills:
 + Level 5.4 Fighting
 * Level 6.7 Axes
 + Level 4.6 Armour
 + Level 4.1 Dodging


You had 2 spell levels left.
You didn't know any spells.

Dungeon Overview and Level Annotations

Branches:
Dungeon (1/1)

Altars:
Cheibriados
Dithmenos
Elyvilon
Gozag
Hepliaklqana
Kikubaaqudgha
Makhleb
Nemelex Xobeh
Okawaru
Qazlal
Ru
Sif Muna
Trog
Uskayaw
Vehumet
Wu Jian
Xom
Yredelemnul
Zin
The Shining One
Beogh
Jiyva
Lugonu

Annotations:
D exclusion: oklob sapling


Innate Abilities, Weirdness & Mutations

You reflexively headbutt those who attack you in melee.
You have a pair of horns on your head.


Message History

You hit the oklob sapling priest but do no damage.
You hit the oklob sapling priest but do no damage.
The oklob sapling priest mumbles some strange prayers to its god against you.
Something smites you!
You hit the oklob sapling priest but do no damage.
You headbutt the oklob sapling priest, but do no damage.
You flicker back into view.
The oklob sapling priest casts a cantrip, but nothing happens.
You hit the oklob sapling priest but do no damage.
You hit the oklob sapling priest but do no damage.
You slash the oklob sapling priest!
You headbutt the oklob sapling priest, but do no damage.
The oklob sapling priest is heavily damaged.
You hit the oklob sapling priest.
The oklob sapling priest is heavily damaged.
The oklob sapling priest spits acid at you.
The splash of acid hits you!
* * * LOW HITPOINT WARNING * * *
The acid corrodes you!
You are splashed with acid!
The acid burns!
You die...

########################
....#.....#.⌠._._._._.⌠.
÷...'.#(..'.._._@_._._..
....#.#...#..._._P_._...
########+##.._._._._._..
#._._._._._.⌠.
##############


You could see an oklob sapling priest.

Vanquished Creatures
  An oklob sapling (D)
  A worker ant (D)
  A river rat (D)
  A rat (D)
4 creatures vanquished.

Notes
Turn   | Place    | Note
-------+----------+-------------------------------------------
     0 | D        | wojtek the Minotaur Berserker began the quest for the Orb.
     0 | D        | Reached XP level 1. HP: 19/19 MP: 0/0
    11 | D        | Reached skill level 4 in Axes
    11 | D        | Reached XP level 2. HP: 6/27 MP: 1/1
   247 | D        | Noticed an oklob sapling
   249 | D        | Killed an oklob sapling
   249 | D        | Reached ** piety under Trog
   249 | D        | Reached skill level 5 in Fighting
   249 | D        | Reached skill level 6 in Axes
   249 | D        | Reached XP level 3. HP: 36/36 MP: 2/2
   252 | D        | Found the amulet of invisibility {+Inv}
   288 | D        | Found an opulent altar of Gozag.
   288 | D        | Found a hazy altar of Hepliaklqana.
   288 | D        | Found a burning altar of Makhleb.
   288 | D        | Found a roughly hewn altar of Beogh.
   288 | D        | Found a sparkling altar of Nemelex Xobeh.
   288 | D        | Found a snail-covered altar of Cheibriados.
   288 | D        | Found a sacrificial altar of Ru.
   288 | D        | Found a deep blue altar of Sif Muna.
   288 | D        | Found a shimmering altar of Xom.
   288 | D        | Found a basalt altar of Yredelemnul.
   289 | D        | Found a viscous altar of Jiyva.
   289 | D        | Found a bloodstained altar of Trog.
   289 | D        | Found an ornate altar of the Wu Jian Council.
   289 | D        | Noticed an oklob sapling priest
   290 | D        | Found an iron altar of Okawaru.
   290 | D        | Found a shadowy altar of Dithmenos.
   290 | D        | Found a glowing silver altar of Zin.
   291 | D        | Found an ancient bone altar of Kikubaaqudgha.
   291 | D        | Found a hide-covered altar of Uskayaw.
   292 | D        | Found a stormy altar of Qazlal.
   292 | D        | Found a white marble altar of Elyvilon.
   292 | D        | Found a glowing golden altar of the Shining One.
   293 | D        | Found a corrupted altar of Lugonu.
   293 | D        | Found a radiant altar of Vehumet.
   306 | D        | Splashed by an oklob sapling priest's acid

Skill      XL: |  1  2  3 |
---------------+----------+-----
Fighting       | 4 5 |  5.4
Axes           | 4 6 |  6.7
Armour         | 3 4 |  4.6
Dodging        | 3 4 |  4.1

Action                   || total
-------------------------++-------
Melee: Hand axe          ||    20
       Headbutt          ||     5
Invok: Berserk           ||     1
 Abil: Evoke Invisibilit ||     1
 Stab: Invisible         ||     1
Armor: Animal skin       ||     1
Dodge: Dodged            ||     4
